 Dungeon Crawl Stone Soup version 0.29.0-4-gdea44cf6ec (webtiles) character file.

Game seed: 11163187994736973281

41 Zeldest the Sneak (level 3, 0/29 HPs)
             Began as a Mummy Delver on Aug 27, 2022.
             Slain by a goblin
             ... wielding a +0 club
             ... led by Robin
              (4 damage)
             ... on level 4 of the Dungeon.
             The game lasted 00:00:50 (214 turns).

Zeldest the Sneak (Mummy Delver)                     Turns: 214, Time: 00:00:50

Health: 0/29       AC:  3    Str: 17    XL:     3   Next: 32%
Magic:  3/3        EV: 12    Int:  9    God:
Gold:   10         SH:  0    Dex: 13    Spells: 2/2 levels left

rFire   x . .      SeeInvis .   a - +0 hand axe
rCold   + . .      Faith    .   (no shield)
rNeg    + + +      Spirit   .   b - +0 leather armour
rPois   ∞          Reflect  .   (no helmet)
rElec   .          Harm     .   (no cloak)
rCorr   .          Rampage  .   (no gloves)
Will    .....                   (no boots)
Stlth   ++........              (no amulet)
HPRegen 0.09/turn               (no ring)
MPRegen 0.08/turn               (no ring)

@: no status effects
A: cold resistance 1, negative energy resistance 3, torment resistance 2, heat
vulnerability 1, in touch with death 1, no potions
a: no special abilities


You were on level 4 of the Dungeon.
You visited 1 branch of the dungeon, and saw 2 of its levels.

You collected 10 gold pieces.

Inventory:

Hand Weapons
 a - a +0 hand axe (weapon)
Armour
 b - a +0 leather armour (worn)
Wands
 f - a wand of digging (3)
Scrolls
 c - a scroll of fog
 g - a scroll of enchant armour {unknown}


   Skills:
 + Level 3.4 Fighting
 + Level 2.0 Axes
 + Level 2.0 Dodging
 + Level 4.3 Stealth


You had 2 spell levels left.
You didn't know any spells.
Your spell library was empty.

Dungeon Overview and Level Annotations

Branches:
Dungeon (5/15)
 Temple: D:4-7

Altars:

Annotations:
D:4 Robin


Innate Abilities, Weirdness & Mutations

You are immune to poison.
Your flesh is cold resistant. (rC+)
You are immune to negative energy. (rN+++)
You are immune to unholy pain and torment.
You are vulnerable to heat. (rF-)
You are in touch with the powers of death.
You do not drink.


Message History

The goblin attacks as you move away! The goblin closely misses you. x2
The goblin hits you but does no damage. The hobgoblin hits you.
A hobgoblin comes into view.
You hit Robin but do no damage. You barely miss the goblin.
You closely miss the goblin. x2; You barely miss the goblin.
You barely miss the hobgoblin. The goblin closely misses you.
The goblin hits you with a +0 club. The goblin hits you with a +0 dagger.
* * * LOW HITPOINT WARNING * * *
The hobgoblin hits you.
* * * LOW HITPOINT WARNING * * *
Robin roars a battlecry!
A hobgoblin comes into view.
The goblin barely misses you.
As you read the scroll of fear, it crumbles to dust.
You assume a fearsome visage.
Robin looks frightened!
The goblin looks frightened!
The hobgoblin looks frightened!
The goblin looks frightened!
The hobgoblin looks frightened!
The goblin looks frightened!
The hobgoblin looks frightened!
The goblin looks frightened!
As you read the scroll of magic mapping, it crumbles to dust.
You feel aware of your surroundings.
You sensed 1 shop/portal.
Cornered, the hobgoblin turns to fight!
Robin cries, "Mercy!"
(D) Dungeon
Where to? (? - help)
Okay, then.
Robin gives up.
Cornered, the hobgoblin turns to fight!
Cornered, the hobgoblin turns to fight!
The goblin no longer looks unusually strong.
The goblin seems to regain its courage.
The hobgoblin no longer looks unusually strong.
You hit the goblin.
The goblin is severely wounded.
The goblin no longer looks unusually strong. x2
The goblin hits you but does no damage. x2
The goblin seems to regain its courage.
The goblin hits you but does no damage.
The hobgoblin no longer looks unusually strong.
The goblin completely misses you. The goblin hits you with a +0 club.
You die...

*,,* **,** *,,* ### ##.** ###.#
#..####...## ##...#......#
##..........g###
#..#...........######
.#.............g@g.g######
.............##..g...g...########
.....<......########............#
...........## ######........
..........## ****** #####....
.........## *,,,,** #####
........## **,,,,,** ** .......##
*,,,,,,,** **, ......##
**,,,,,,,,* *,,


You could see 3 hobgoblins and 3 goblins.

Vanquished Creatures
  A howler monkey (D:4)
  A hobgoblin (D:4)
2 creatures vanquished.

Notes
Turn   | Place    | Note
-------+----------+-------------------------------------------
     0 | D:5      | Zeldest the Mummy Delver began the quest for the Orb.
     0 | D:5      | Reached XP level 1. HP: 18/18 MP: 1/1
     6 | D:5      | Noticed a water moccasin
    12 | D:4      | Noticed a howler monkey
    22 | D:4      | Killed a howler monkey
    23 | D:4      | Reached XP level 2. HP: 16/24 MP: 2/2
    23 | D:4      | Gained mutation: You are in touch with the powers of death.
                  | [Mummy growth]
    23 | D:4      | Reached XP level 3. HP: 20/29 MP: 3/3
   190 | D:4      | Noticed Robin
   214 | D:4      | Slain by a goblin

Illustrated notes

Levels and vault maps discovered:
D:4:      layout_cave_pods, serial_shops, nicolae_shop_waterfront, uniq_natasha,
          uniq_robin, uniq_edmund
D:5:      black_bear_nest_1, layout_layer_cave, minmay_temple_entry_proselytizer

Skill      XL: |  1 |
---------------+----+-----
Axes           | 2 |  2.0
Dodging        | 2 |  2.0
Fighting       | |  3.4
Stealth        | |  4.3

Action                   || total
-------------------------++-------
Melee: Hand axe          ||    15
  Use: Scroll            ||     2
Armor: Leather armour    ||     8
Dodge: Dodged            ||    17
